 Dungeon Crawl Stone Soup version 0.19-a0-1682-g5114f93 (webtiles) character file.

305 HungrySpirit the Sneak (level 6, 0/39 HPs)
             Began as an Octopode Assassin on Sept 24, 2016.
             Slain by an orc (5 damage)
             ... on level 4 of the Dungeon.
             The game lasted 00:05:25 (3092 turns).

HungrySpirit the Sneak (Octopode Assassin)          Turns: 3092, Time: 00:05:26

Health: 0/39       AC:  2    Str: 11    XL:     6   Next: 39%
Magic:  6/6        EV: 15    Int: 13    God:
Gold:   168        SH:  4    Dex: 15    Spells: 0 memorised, 5 levels left

rFire  . . .     SeeInvis .     s - +3 short sword
rCold  + . .     Gourm    .     (no shield)
rNeg   . . .     Faith    .     (helmet restricted)
rPois  .         Spirit   .     o - +4 amulet of reflection
rElec  .         Dismiss  .     v - ring of protection from cold
rCorr  .         Reflect  +     (no ring)
MR     .....     Harm     .     (no ring)
Stlth  +++++.....               (no ring)
                                (no ring)
                                (no ring)
                                (no ring)
                                (no ring)

@: flying
A: almost no armour, stealthy swim, amphibious, 8 rings, constrict 8, camouflage
1, gelatinous body 1
a: no special abilities


You were on level 4 of the Dungeon.
You were not hungry.

You visited 1 branch of the dungeon, and saw 4 of its levels.

You collected 168 gold pieces.

Inventory:

Hand Weapons
 b - a +0 blowgun
 s - a +3 short sword (weapon)
Missiles
 c - 21 poisoned needles
 d - 4 curare-tipped needles
Jewellery
 o - a +4 amulet of reflection (around mantle)
 v - a ring of protection from cold (left tentacle)
Scrolls
 l - a scroll of fear {unknown}
 m - 3 scrolls of remove curse {unknown}
 n - 2 scrolls of recharging {unknown}
 p - a scroll of identify {unknown}
 q - 3 scrolls of blinking {unknown}
 t - a scroll of enchant weapon {unknown}
 w - a scroll of enchant armour {unknown}
Potions
 a - 2 potions of flight
 e - a potion of cancellation {unknown}
 g - 2 potions of curing {unknown}
 h - 2 potions of lignification {unknown}
 i - a potion of invisibility {unknown}
 j - 2 potions of resistance {unknown}
 k - a potion of haste {unknown}
 A - 2 potions of agility {unknown}
Comestibles
 f - 3 bread rations
 r - a slice of pizza
 u - a beef jerky
 x - a meat ration
 z - 3 chunks of flesh


   Skills:
 - Level 2.0 Fighting
 * Level 4.4 Short Blades
 - Level 2.0 Throwing
 * Level 4.0 Dodging
 + Level 6.6 Stealth


You had 5 spell levels left.
You didn't know any spells.

Dungeon Overview and Level Annotations

Branches:
Dungeon (4/15)
 Temple: D:4-7

Altars:
Ashenzari
Kikubaaqudgha

Annotations:
D:4 Grinder


Innate Abilities, Weirdness & Mutations

You cannot wear most types of armour.
You are very stealthy in the water.
You are amphibious.
You can wear up to eight rings at the same time.
You can use your tentacles to constrict eight enemies at once.
Your skin changes colour to match your surroundings (Stealth+).
Your rubbery body absorbs attacks. (AC +1, EV +1)


Message History

You constrict Grinder, but do no damage.
The orc hits you.
Grinder says, "Don't move a muscle."
Grinder gestures at you. Pain shoots through your body!
The orc completely misses you. x2
It was a potion of flight.
You feel very buoyant.
You fly up into the air.
You constrict Grinder. The orc hits you.
* * * LOW HITPOINT WARNING * * *
You block Grinder's attack. The orc barely misses you.
The orc closely misses you.
You release your grip on Grinder.
The orc barely misses you.
Found a ring mail.
The orc misses you.
There is an escape hatch in the floor here.
The orc closely misses you.
The orc hits you from afar with a trident.
* * * LOW HITPOINT WARNING * * *
The orc hits you.
You die...

###..#
.####..<.#
[........######
#............#
#.?....#
#....<.#
#....o.#
#..5oo.##.#
#...@.....#
#.$.....###
#.....###.#
#..#.$# ..#
#..... #.#
#...## .# ..##
..


You could see Grinder and 3 orcs.

Vanquished Creatures
  A scorpion (D:3)
  An orc priest (D:3)
  A bullfrog skeleton (D:3)
  Robin (D:2)
  3 gnolls (D:2)
  3 adders
  3 worms
  6 leopard geckos
  7 orcs (D:3)
  8 bats
  3 bat zombies (D:3)
  2 giant cockroaches
  14 goblins
  10 hobgoblins
  11 jackals
  14 kobolds
  2 quokkas
  A ball python (D:3)
  5 frilled lizards
  8 rats
104 creatures vanquished.

Notes
Turn   | Place    | Note
-------+----------+-------------------------------------------
     0 | D:1      | HungrySpirit the Octopode Assassin began the quest for the Orb.
     0 | D:1      | Reached XP level 1. HP: 14/14 MP: 1/1
   159 | D:1      | Reached XP level 2. HP: 15/19 MP: 2/2
   834 | D:1      | Reached XP level 3. HP: 24/24 MP: 3/3
   935 | D:2      | Found a shattered altar of Ashenzari.
  1197 | D:2      | Noticed Robin
  1249 | D:1      | Reached XP level 4. HP: 26/29 MP: 4/4
  1412 | D:2      | Killed Robin
  1601 | D:2      | Reached skill level 6 in Stealth
  1809 | D:3      | Reached XP level 5. HP: 34/34 MP: 5/5
  2182 | D:3      | Reached XP level 6. HP: 12/39 MP: 6/6
  2962 | D:3      | Found an ancient bone altar of Kikubaaqudgha.
  3082 | D:4      | Noticed Grinder
  3092 | D:4      | Slain by an orc

Vault maps used:
D:1:      minmay_arrival_four_houses
D:2:      nicolae_ashenzari_panopticon, uniq_robin
D:3:      lemuel_zombie_altar_kikubaaqudgha, minivault_11, minmay_joined_circles
D:4:      minmay_misc_feat_doors, trog_hazing_becter, uniq_grinder

Skill      XL: |  1  2  3  4  5  6 |
---------------+-------------------+-----
Dodging        | 2 3 4 |  4.0
Short Blades   | 3 4 |  4.4
Stealth        | 6 |  6.6
Fighting       | |  2.0
Throwing       | |  2.0

Action                   |  1- 3 |  4- 6 || total
-------------------------+-------+-------++-------
Melee: Dagger            |    47 |       ||    47
       Constrict         |    10 |    26 ||    36
       Tentacles         |     7 |    19 ||    26
       Short sword       |    12 |   132 ||   144
 Fire: Blowgun           |       |     6 ||     6
  Use: Potion            |       |     1 ||     1
 Stab: Sleeping          |    15 |    10 ||    25
       Distracted        |       |     1 ||     1
  Eat: Chunk             |     1 |     6 ||     7
Armor: Skin              |     3 |     8 ||    11
Dodge: Dodged            |    24 |    80 ||   104
Block: Other             |     4 |    29 ||    33
       Reflection        |       |     1 ||     1
